Description

Not that long ago baneling damage was nerfed vs Stalker, this is a once in a lifetime opportunity to stretch them lanky legs and dance around the map.

VOD

https://youtu.be/MCBduognoc0?t=1474

Replay - Reynor v Stats: Game 3 - Oxide LE

Build Order

Get SALT Encoding   

  15  0:39  Gateway  
  16  0:49  Assimilator  
  20  1:27  Nexus  
  20  1:35  Cybernetics Core  
  21  1:44  Assimilator  
  22  1:56  Pylon  
  23  2:12  Adept (Chrono Boost)  
  26  2:17  Stargate  
  27  2:27  Warp Gate  
  27  2:31  Probe (Chrono Boost)  
  27  2:35  Adept  
  30  2:40  Probe (Chrono Boost)  
  33  2:53  Void Ray (Chrono Boost)  
  41  3:16  Pylon  
  41  3:18  Adept  
  41  3:19  Gateway  
  46  3:35  Twilight Council  
  49  3:53  Nexus  
  49  3:55  Pylon  Cut probes at 39 probies
  51  4:04  Gateway  
  51  4:06  Gateway  
  51  4:08  Resonating Glaives (Chrono Boost)  
  49  4:15  Adept x2  Resume probe production
  51  4:25  Assimilator  
  51  4:27  Assimilator  
  53  4:36  Adept x2  
  57  4:39  Pylon  
  57  4:40  Pylon  
  59  4:59  Adept x3  
  67  5:00  Adept  Move out, adept pressure
  70  5:07  Probe x2 (Chrono Boost)  
  70  5:09  Forge  
  75  5:21  Adept x2  
  75  5:28  Sentry x2  
  81  5:32  Blink  
  83  5:36  Protoss Ground Weapons Level 1 (Chrono Boost)  
  83  5:41  Shield Battery  
  86  5:51  Sentry x3  
  86  5:54  Gateway  
  86  5:56  Gateway  
  90  5:58  Gateway  
  90  6:02  Sentry  
  83  6:15  Shield Battery  
  83  6:18  Robotics Facility, Shield Battery  
  79  6:23  Stalker x3  
  85  6:28  Gateway  
  85  6:29  Pylon  
  85  6:31  Assimilator  
  88  6:34  Photon Cannon  
  88  6:35  Assimilator  
  88  6:39  Photon Cannon  
  88  6:46  Stalker  
  90  6:52  Pylon x2, Stalker  
  90  6:53  Stalker  
  97  7:01  Warp Prism (Chrono Boost)  
  97  7:02  Stalker x2  
  101  7:10  Probe  
  101  7:12  Phoenix  
  101  7:14  Stalker x3  
  110  7:19  Stalker x2  
  114  7:23  Pylon  
  114  7:24  Protoss Ground Weapons Level 2 (Chrono Boost), Pylon  Move out with blink
  114  7:27  Pylon  
  114  7:34  Charge  
  115  7:37  Observer (Chrono Boost)  send prism to army
  115  7:56  Stalker x5  
  115  7:57  Stalker x3  
  131  8:06  Photon Cannon  
  131  8:08  Photon Cannon  
  131  8:11  Pylon  
  131  8:13  Pylon  
  131  8:14  Pylon  
  131  8:24  Nexus  
  131  8:26  Pylon  
  131  8:31  Stalker x5  
  141  8:35  Stalker  
  141  8:38  Templar Archives  
  143  8:52  Immortal (Chrono Boost), Stalker x2  
  143  8:54  Psionic Storm  
  151  9:14  Zealot x4  
  151  9:16  High Templar x3  
  165  9:24  Shield Battery  
  165  9:25  Shield Battery  
  165  9:28  Photon Cannon  
  165  9:30  Photon Cannon  
  163  9:32  High Templar  
  163  9:34  Immortal (Chrono Boost)  
  169  9:50  Zealot x4  
  169  9:51  Assimilator  
  169  9:52  Protoss Ground Weapons Level 3  
  181  9:53  Assimilator  
  181  9:58  Zealot, Photon Cannon  
Spawning Tool Build Advisor. Get it on Overwolf

Go to:

Details

  • Created by: Hindrance
  • Published on: Apr 13, 2021
  • Modified on: Apr 15, 2021
  • Patch: 4.11.0
  • Difficulty: Easy
Show
View Real Time Build Order
Export as new Build Order

Comments (0)

There are no comments. Be the first!

Create an account to comment!